 Dungeon Crawl Stone Soup version 0.30.1-4-g462c640d31 (webtiles) character file.

Game seed: 7931477786361178861

37009 safid the Gelid (level 13, -1/77 HPs)
             Began as a Merfolk Ice Elementalist on Aug 21, 2023.
             Was a Priest of Vehumet.
             Slain by a thrashing horror (2 damage)
             ... on level 2 of the Abyss on Aug 22, 2023.
             The game lasted 00:44:21 (18567 turns).

safid the Gelid (Merfolk Ice Elementalist)         Turns: 18567, Time: 00:44:22

Health: -1/77      AC: 10    Str:  2 (5)  XL:     13   Next: 93%
Magic:  20/20      EV: 15    Int: 16 (18) God:    Vehumet [***...]
Gold:   1313       SH:  0    Dex: 11      Spells: 17/28 levels left

rFire   . . .        M - +4 dagger of the Bespelling Queen {flame, rC+}
rCold   + + .        (no shield)
rNeg    . . .        a - +0 robe
rPois   .            x - +2 helmet
rElec   .            (no cloak)
rCorr   .            u - +0 pair of gloves
SInv    .            h - +0 pair of boots
Will    .....        o - amulet of regeneration
Stlth   ++           Q - +4 ring of protection
HPRegen 1.12/turn    D - ring of protection from cold
MPRegen 0.17/turn

%: no passive effects
@: about to teleport, studying Long Blades
A: (nimble swimmer 2), mertail, [clumsy 2], [deformed body], [deterioration 2],
[frail 3], [low MP 2], [screaming 2], [weak 2], [no potion heal 2]
a: Renounce Religion


You were on level 2 of the Abyss.
You worshipped Vehumet.
Vehumet was most pleased with you.
You visited 4 branches of the dungeon, and saw 18 of its levels.
You visited the Abyss 1 time.
You also visited: Bailey.

You collected 1313 gold pieces.

Inventory:

Hand Weapons
 M - the +4 dagger of the Bespelling Queen (weapon) {flame, rC+}
   (You found it on level 9 of the Dungeon)

   rC:        It protects you from cold.
Missiles
 C - a curare-tipped dart
 K - a throwing net
Armour
 a - a +0 robe (worn)
 h - a +0 pair of boots (worn)
 u - a +0 pair of gloves (worn)
 x - a +2 helmet (worn)
Jewellery
 e - a ring of wizardry
 o - an amulet of regeneration (around neck)
 D - a ring of protection from cold (right hand)
 G - a ring of magical power
 L - a ring of resist corrosion
 Q - a +4 ring of protection (left hand)
 T - a ring of ice
Wands
 c - a wand of paralysis (17)
 q - a wand of mindburst (16)
 v - a wand of digging (5)
 y - a wand of polymorph (14)
 U - a wand of quicksilver (4)
 W - a wand of roots (3)
Scrolls
 d - 2 scrolls of blinking {unknown}
 f - 4 scrolls of teleportation
 l - 2 scrolls of torment {unknown}
 m - 5 scrolls of fear
 n - 2 scrolls of enchant weapon
 p - 4 scrolls of silence
 r - a scroll of noise {unknown}
 w - a scroll of amnesia {unknown}
 F - 2 scrolls of enchant armour
 J - a scroll of brand weapon {unknown}
 N - 3 scrolls of butterflies
 P - 2 scrolls of fog {unknown}
Potions
 b - a potion of magic
 g - a potion of haste {unknown}
 i - 2 potions of lignification {unknown}
 j - 15 potions of curing
 k - 5 potions of flight
 s - 2 potions of berserk rage
 t - 3 potions of invisibility
 z - 4 potions of mutation
 B - 3 potions of heal wounds {unknown}
 E - 2 potions of brilliance {unknown}
 H - 3 potions of degeneration {unknown}
 I - 2 potions of attraction {unknown}
 V - a potion of might
Miscellaneous
 A - a phantom mirror
 O - a lightning rod (4/4)
 R - a box of beasts
 S - a condenser vane


   Skills:
 + Level 13.1 Fighting
 + Level 10.4 Dodging
 - Level 2.1 Stealth
 - Level 8.0 Spellcasting
 + Level 16.8 Ice Magic
 - Level 8.0 Evocations


You had 17 spell levels left.
You knew the following spells:

 Your Spells              Type           Power      Damage    Failure   Level
a - Freeze                Ice            100%       1d10      0%          1
b - Frozen Ramparts       Ice            100%       1d16      1%          3
c - Ozocubu's Armour      Ice            57%        N/A       1%          3
d - Summon Ice Beast      Ice/Summ       33%        N/A       3%          4

Your spell library contained the following spells:

 Spells                   Type           Power      Damage    Failure   Level
 Flame Wave               Conj/Fire      6%         2d5       28%         4
 Ensorcelled Hibernation  Hex/Ice        66%        N/A       1%          2
 Foxfire                  Conj/Fire      24%        2x1d5     3%          1
 Magic Dart               Conj           24%        1d4       3%          1
 Sandblast                Erth           12%        2d6       3%          1
 Shock                    Conj/Air       24%        1d4       3%          1
 Poisonous Vapours        Pois/Air       12%        N/A       4%          2
 Searing Ray              Conj           12%        2d4       4%          2
 Stone Arrow              Conj/Erth      12%        3d7       9%          3
 Metabolic Englaciation   Hex/Ice        16%        N/A       10%         5
 Sting                    Tmut/Pois      24%        1d4       11%         1
 Passwall                 Tmut/Erth      5%         N/A       17%         2
 Airstrike                Air            3%         2d(1-17)  28%         4
 Fulminant Prism          Conj/Hex       3%         3d5       28%         4
 Olgreb's Toxic Radiance  Pois           6%         N/A       28%         4
 Swiftness                Air            6%         N/A       32%         3
 Simulacrum               Ice/Necr       16%        N/A       50%         6
 Fireball                 Conj/Fire      3%         3d4       58%         5
 Animate Armour           Summ/Erth      12%        N/A       73%         4
 Plasma Beam              Fire/Air       3%         2x1d14    98%         6
 Starburst                Conj/Fire      3%         6d3       98%         6
 Lehudib's Crystal Spear  Conj/Erth      3%         10d2      100%        8


Dungeon Overview and Level Annotations

Branches:
Dungeon (10/15)            Temple (1/1) D:5            Lair (5/5) D:9
  Swamp (0/4) Lair:3       Spider (0/4) Lair:2        Slime (0/5) Lair:4
    Orc (2/2) D:9          Bailey (visited)
    Elf: Orc:2

Altars:
Ashenzari
Cheibriados
Dithmenos
Elyvilon
Fedhas
Gozag
Hepliaklqana
Kikubaaqudgha
Makhleb
Nemelex Xobeh
Okawaru
Qazlal
Ru
Sif Muna
Trog
Uskayaw
Vehumet
Wu Jian
Xom
Yredelemnul
Zin
The Shining One
Jiyva

Shops:
D:10 [

Annotations:
D:3 1 runed translucent door, Crazy Yiuf
D:4 2 transporters, spardeous's ghost, amateur DgCj
Lair:2 exclusion: oklob plant
Lair:5 2 transporters, exclusion: obsidian statue, Babbit's ghost, journeyman MiFi
Orc:2 Sonja


Innate Abilities, Weirdness & Mutations

((You are very nimble when in or above water. (Stealth+, EV+, Speed+++)))
Your lower body shifts to a powerful aquatic tail in water.
[You are very clumsy. (Dex -4)]
[Armour fits poorly on your strangely shaped body.]
[Your body often deteriorates upon taking damage.]
[You are extremely frail. (-30% HP)]
[Your magical capacity is very low. (-20% MP)]
[You frequently scream uncontrollably at your foes.]
[You are very weak. (Str -4)]
[Potions cannot restore your health.]


Message History

The thrashing horror tramples you but does no damage.
The thrashing horror tramples you.
You stumble backwards!
Unknown command.
The thrashing horror closely misses you.
The thrashing horror completely misses you.
The thrashing horror attacks as you move away!
The thrashing horror tramples you!
* * * LOW HITPOINT WARNING * * *
Your body deteriorates!
You feel weakened.
The thrashing horror tramples you but does no damage.
The thrashing horror closely misses you.
The thrashing horror completely misses you.
The thrashing horror tramples you but does no damage. x2
The thrashing horror completely misses you.
The thrashing horror tramples you but does no damage. x2
The thrashing horror closely misses you.
The thrashing horror attacks as you move away!
The thrashing horror barely misses you.
The thrashing horror tramples you but does no damage.
The thrashing horror misses you.
The thrashing horror closely misses you.
The thrashing horror attacks as you move away!
The thrashing horror misses you. x2
The thrashing horror attacks as you move away!
The thrashing horror tramples you!
* * * LOW HITPOINT WARNING * * *
The thrashing horror tramples you.
* * * LOW HITPOINT WARNING * * *
The thrashing horror tramples you but does no damage.
The thrashing horror closely misses you.
The thrashing horror barely misses you. The thrashing horror tramples you.
* * * LOW HITPOINT WARNING * * *
You hold your ground!
The thrashing horror closely misses you.
The thrashing horror tramples you.
* * * LOW HITPOINT WARNING * * *
You hold your ground!
The thrashing horror tramples you!
* * * LOW HITPOINT WARNING * * *
You hold your ground!
The thrashing horror tramples you.
You die...

.. #..##..##.. #..#
.##..##..##..##.. #.. #.
... ....................
... ..................
#.. #..##..##..##ยงยง##
.##..##..##..##..##..##
.......X................
..................... ..
##..##@X##..##..##. #.
#..##..##.. #..##.
...... ........ ..
...................
#..##..##..##..##..##.
#.. #..##..##..# ##. ..
.................. ..
.... .. ... .#


You could see 2 thrashing horrors.

Vanquished Creatures
  2 hydras
  4 death yaks (Lair:4)
  A two-headed ogre (D:9)
  A skyshark (Lair:5)
  A deep elf pyromancer (D:9)
  A deep elf zephyrmancer (Bailey)
  10 elephants
  4 black mambas
  Joseph (D:7)
  10 cane toads
  7 komodo dragons
  A rime drake (Lair:4)
  A polar bear (Lair:3)
  3 blink frogs (Lair:5)
  5 culicivoras (Lair:2)
  28 yaks
  4 wyverns
  Grum (D:8)
  A wraith (D:9)
  3 basilisks
  A steam dragon (Lair:1)
  14 water moccasins
  An elephant zombie (Lair:5)
  9 orc warriors
  A sky beast (D:6)
  5 black bears
  6 ogres
  4 centaurs
  8 wolves
  4 kobold brigands
  A gnoll sergeant (D:10)
  13 bullfrogs
  9 scorpions
  6 wights
  4 killer bees (D:9)
  An electric eel (D:7)
  2 vampire bats (Lair:1)
  A howler monkey (D:9)
  2 gnoll boudas
  5 jellies
  6 orc priests
  2 hounds (D:5)
  3 iguanas
  3 sleepcaps
  13 orc wizards
  Robin (D:4)
  15 gnolls
  7 adders
  3 white imps
  2 ufetubi
  2 worms
  3 dart slugs
  38 orcs
  9 bats
  12 endoplasms
  6 giant cockroaches
  12 goblins
  12 hobgoblins
  6 jackals (D:2)
  6 quokkas
  7 ball pythons
  6 frilled lizards
  28 kobolds
  5 rats
393 creatures vanquished.

Vanquished Creatures (collateral kills)
  A hydra (Lair:5)
  A skyshark (Lair:2)
  An orc knight (Bailey)
  7 elephants (Lair:5)
  2 cane toads (Lair:4)
  2 komodo dragons
  A polar bear (Lair:2)
  A blink frog (Lair:5)
  5 yaks
  3 orc warriors (Bailey)
  2 wolves (Lair:3)
  2 gnolls (D:10)
  4 orcs (Orc:1)
32 creatures vanquished.

Grand Total: 425 creatures vanquished

Notes
Turn   | Place    | Note
-------+----------+-------------------------------------------
     0 | D:1      | safid the Merfolk Ice Elementalist began the quest for the
                  | Orb.
     0 | D:1      | Reached XP level 1. HP: 13/13 MP: 3/3
     8 | D:1      | Noticed an electric eel
   218 | D:1      | Reached XP level 2. HP: 20/20 MP: 3/5
   285 | D:1      | Reached skill level 1 in Fighting
   411 | D:1      | Found a faded altar of an unknown god.
   567 | D:1      | Reached XP level 3. HP: 4/26 MP: 2/6
   759 | D:2      | Learned a level 3 spell: Frozen Ramparts
  1018 | D:2      | Reached skill level 5 in Ice Magic
  1167 | D:2      | Reached XP level 4. HP: 32/33 MP: 8/8
  2114 | D:3      | Reached XP level 5. HP: 19/39 MP: 5/9
  2199 | D:3      | Found an ancient bone altar of Kikubaaqudgha.
  2202 | D:3      | Found a bloodstained altar of Trog.
  2303 | D:3      | Found a runed translucent door.
  2304 | D:3      | Noticed Crazy Yiuf
  2874 | D:4      | Noticed an ogre
  2889 | D:4      | Noticed an ogre
  2899 | D:3      | Reached XP level 6. HP: 42/47 MP: 7/11
  2944 | D:4      | Reached skill level 6 in Ice Magic
  3042 | D:4      | Learned a level 3 spell: Ozocubu's Armour
  3076 | D:4      | Reached XP level 7. HP: 28/54 MP: 5/13
  3470 | D:4      | Noticed Robin
  3485 | D:4      | Killed Robin
  3593 | D:4      | Found a hazy altar of Hepliaklqana.
  3622 | D:4      | Found a transporter.
  3624 | D:4      | Noticed spardeous's ghost (amateur DgCj)
  3648 | D:4      | Reached skill level 5 in Fighting
  3648 | D:4      | Reached skill level 7 in Ice Magic
  3735 | D:4      | Found a transporter.
  3918 | D:4      | Found a shimmering blue altar of Sif Muna.
  3927 | D:5      | Entered Level 5 of the Dungeon
  3927 | D:5      | Found a staircase to the Ecumenical Temple.
  3946 | D:5      | Reached skill level 5 in Spellcasting
  3946 | D:5      | Reached XP level 8. HP: 62/62 MP: 11/15
  3951 | Temple   | Entered the Ecumenical Temple
  4039 | D:5      | Found a glowing golden altar of the Shining One.
  4583 | D:5      | Found a hide-covered altar of Uskayaw.
  4857 | D:5      | Reached skill level 8 in Ice Magic
  5345 | D:6      | Reached XP level 9. HP: 71/71 MP: 11/18
  6177 | D:6      | Found a blossoming altar of Fedhas.
  6203 | D:6      | Reached skill level 5 in Dodging
  6744 | D:7      | Reached skill level 9 in Ice Magic
  7000 | D:7      | Found a glowing silver altar of Zin.
  7001 | D:7      | Noticed an angel
  7052 | D:7      | Identified the +4 ring mail of Mezcal {Str+3 Int+2}
  7110 | D:7      | Noticed Joseph
  7125 | D:7      | Killed Joseph
  7183 | D:7      | Found a sparkling altar of Nemelex Xobeh.
  7270 | D:7      | Reached XP level 10. HP: 80/80 MP: 20/20
  7459 | D:7      | Found a white marble altar of Elyvilon.
  7594 | D:7      | Found an opulent altar of Gozag.
  7999 | D:8      | Noticed Grum
  8015 | D:8      | Killed Grum
  8219 | D:8      | Found a shadowy altar of Dithmenos.
  8313 | D:8      | Found a broken altar of Ashenzari.
  8412 | D:8      | Found an iron altar of Okawaru.
  8625 | D:9      | Identified the +4 dagger of the Bespelling Queen {flame,
                  | rC+}
  8644 | D:9      | Found a staircase to the Lair.
  8652 | D:9      | Noticed a two-headed ogre
  8666 | D:9      | Killed a two-headed ogre
  8667 | D:9      | Reached skill level 10 in Ice Magic
  8896 | D:9      | Found a flagged portal.
  8912 | Bailey   | Entered a bailey
  9134 | Bailey   | Found a large runed translucent door.
  9134 | Bailey   | Found a large runed translucent door.
  9135 | Bailey   | Noticed an orc knight
  9135 | Bailey   | Noticed a deep elf zephyrmancer
  9190 | Bailey   | Learned a level 4 spell: Summon Ice Beast
  9234 | Bailey   | Killed an orc knight
  9440 | Bailey   | Killed a deep elf zephyrmancer
  9441 | Bailey   | Reached skill level 10 in Fighting
  9441 | Bailey   | Reached skill level 11 in Ice Magic
  9441 | Bailey   | Reached XP level 11. HP: 77/90 MP: 19/23
  9452 | Bailey   | Identified the +4 scale mail "Ohep" {rN+ MP+9 Str+2}
  9962 | D:9      | Noticed a deep elf pyromancer
  9969 | D:9      | Killed a deep elf pyromancer
 10115 | D:9      | Found a staircase to the Orcish Mines.
 10188 | D:10     | Entered Level 10 of the Dungeon
 10459 | D:10     | Found a radiant altar of Vehumet.
 10470 | D:10     | Became a worshipper of Vehumet
 10580 | D:10     | Found Ekhlufikk's Armour Shoppe.
 10580 | D:10     | Noticed an animated shadow dragon scales
 10581 | D:10     | Noticed an animated gold dragon scales
 11568 | Lair:1   | Entered Level 1 of the Lair of Beasts
 11604 | Lair:1   | Reached skill level 12 in Ice Magic
 11949 | Lair:1   | Reached * piety under Vehumet
 11949 | Lair:1   | Offered knowledge of Kiss of Death by Vehumet.
 11985 | Lair:1   | Found the +4 robe of Augmentation {Str+4 Int+4 Dex+4}
 12841 | Lair:2   | Reached skill level 13 in Ice Magic
 13019 | Lair:2   | Reached XP level 12. HP: 87/102 MP: 15/24
 13128 | Lair:2   | Found a hole to the Spider Nest.
 13137 | Lair:2   | Reached skill level 14 in Ice Magic
 13236 | Lair:2   | Noticed a skyshark
 13252 | Lair:2   | Killed a skyshark
 13666 | Lair:2   | Reached skill level 1 in Evocations
 14284 | Lair:3   | Offered knowledge of Scorch by Vehumet.
 14287 | Lair:3   | Reached ** piety under Vehumet
 14339 | Lair:3   | Reached skill level 15 in Ice Magic
 14910 | Lair:3   | Found a staircase to the Swamp.
 15289 | Lair:4   | Reached skill level 5 in Evocations
 15455 | Lair:4   | Noticed a death yak
 15509 | Lair:4   | Noticed a death yak
 15510 | Lair:4   | Noticed a death yak
 15539 | Lair:4   | Noticed a death yak
 15644 | Lair:4   | Killed a death yak
 15645 | Lair:4   | Reached XP level 13. HP: 20/108 MP: 13/25
 15761 | Lair:4   | Reached skill level 16 in Ice Magic
 15934 | Lair:4   | Found a viscous altar of Jiyva.
 16141 | Lair:4   | Found a staircase to the Slime Pits.
 16263 | Lair:4   | Offered knowledge of Momentum Strike by Vehumet.
 16610 | Lair:5   | Entered Level 5 of the Lair of Beasts
 16865 | Lair:5   | Reached *** piety under Vehumet
 17340 | Lair:5   | Found a transporter.
 17356 | Lair:5   | Offered knowledge of Flame Wave by Vehumet.
 17365 | Lair:5   | Reached skill level 10 in Dodging
 17399 | Lair:5   | Noticed Babbit's ghost (journeyman MiFi)
 17480 | Lair:5   | Found a transporter.
 17828 | Lair:5   | Noticed a dire elephant
 17829 | Lair:5   | Noticed a dire elephant
 18300 | Orc:1    | Entered Level 1 of the Orcish Mines
 18468 | Orc:2    | Entered Level 2 of the Orcish Mines
 18471 | Orc:2    | Noticed Sonja
 18477 | Abyss:2  | Cast into level 2 of the Abyss (Sonja)
 18535 | Abyss:2  | Noticed a tentacled starspawn
 18538 | Abyss:2  | Found a corrupted altar of Lugonu.
 18567 | Abyss:2  | HP: 1/77 [thrashing horror (8)]
 18567 | Abyss:2  | Slain by a thrashing horror

Illustrated notes

Levels and vault maps discovered:
D:1:      arrival_aquarium_a, layout_rooms,
          shapermc_ecumenical_altar_starsandcircs, nicolae_titane
D:2:      minmay_razor_zed, layout_loops_corners, minmay_ruptured
D:3:      layout_loops_cross, nicolae_overflow_squiral, uniq_crazy_yiuf_cottage
D:4:      layout_cave_pools, mainiacjoe_overflow_concentric_impassable,
          lemuel_tele_altar, gammafunk_ghost_stat_death, uniq_robin
D:5:      layout_gridville, mainiacjoe_overflow_brackets, tso_oasis_becter,
          temple_fountains, kennysheep_generic_room_8
D:6:      layout_layer_cave, fedhas_bush_and_centaur_altar
D:7:      layout_basic, lemuel_round_altar, zin_angel,
          mainiacjoe_overflow_tiny_flanked, nicolae_elyvilon_temple_path,
          uniq_joseph
D:8:      layout_rooms, evilmike_ruin_ashenzari,
          mainiacjoe_overflow_surrounded_room, kennysheep_mini_moat, uniq_grum
D:9:      layout_long_grid, due_lair_maze_entry_diamond, enter_bailey_1,
          kennysheep_just_a_vault
D:10:     layout_layer_cave, nicolae_vehumet_altar_sigil, serial_shops,
          nicolae_shop_mannequins
Temple:   hellmonk_temple_two_chambers
Lair:1:   layout_cave_pods, roderic_batcave
Lair:2:   layout_roguey, hellmonk_spider_entry_life_and_decay,
          nicolae_lair_lil_pond, minmay_holes, chequers_serial_rivers_room_a
Lair:3:   layout_hall_layers, swamp_mist, serial_bayou_shore_b
Lair:4:   layout_roguey, nicolae_slime_entry_field_trip
Lair:5:   due_jungle_book, layout_loops_ring, gammafunk_ghost_arena,
          grunt_forest_small_clearings, minmay_lindwurm_lava,
          infiniplex_staircase_pool_2
Orc:1:    layout_caves
Orc:2:    st_orc_town, layout_diamond_mine, minmay_orc_temple_c, uniq_sonja
Abyss:2:  base: D:1, evilmike_abyss_exit_4, bh_abyss_xom_lugonu_altar

Skill      XL: |  1  2  3  4  5  6  7  8  9 10 11 12 13 |
---------------+----------------------------------------+-----
Fighting       | 1 2 3 4 5 6 8 10 12 13 | 13.1
Ice Magic      | 5 6 7 8 9 11 13 15 16 | 16.8
Spellcasting   | 3 4 5 6 7 8 |  8.0
Dodging        | 3 6 8 10 | 10.4
Evocations     | 5 8 |  8.0
Stealth        | |  2.1

Action                     |  1- 3 |  4- 6 |  7- 9 | 10-12 | 13-15 || total
---------------------------+-------+-------+-------+-------+-------++-------
  Melee: Club              |    32 |       |       |       |       ||    32
         Punch             |     3 |     1 |     3 |    11 |     6 ||    24
         Unarmed           |     1 |       |       |       |       ||     1
         Mace              |    58 |   126 |       |       |       ||   184
         Dagger            |       |    57 |   191 |   529 |   184 ||   961
         Tailslap          |       |       |       |    12 |       ||    12
   Cast: Freeze            |    25 |     8 |     4 |    20 |     9 ||    66
         Frozen Ramparts   |       |     7 |    38 |    80 |    37 ||   162
         Ozocubu's Armour  |       |     1 |    29 |    68 |    25 ||   123
         Summon Ice Beast  |       |       |       |    31 |    18 ||    49
  Evoke: Box of beasts     |       |       |       |       |     1 ||     1
         Condenser vane    |       |       |       |       |     1 ||     1
    Use: Scroll            |       |       |     5 |     8 |     5 ||    18
         Potion            |       |       |       |       |     3 ||     3
   Stab: Sleeping          |     1 |     4 |     1 |     1 |       ||     7
         Distracted        |       |       |       |     3 |     1 ||     4
 Armour: Robe              |    34 |    75 |   111 |   246 |   150 ||   616
  Dodge: Dodged            |    83 |   151 |   192 |   558 |   249 ||  1233
